 Dungeon Crawl Stone Soup version 0.18-a0-1060-g4fac74f (webtiles) character file.

113 M4edhros the Charlatan (level 4, -2/28 HPs)
             Began as an Octopode Artificer on Jan 12, 2016.
             Slain by Oozefury's ghost (16 damage)
             ... on level 4 of the Dungeon.
             The game lasted 00:02:18 (2022 turns).

M4edhros the Charlatan (Octopode Artificer)         Turns: 2022, Time: 00:02:20

Health: -2/28      AC:  1    Str: 10    XL:     4   Next: 96%
Magic:  6/6        EV: 12    Int: 14    God:
Gold:   115        SH:  4    Dex: 13    Spells: 0 memorised, 3 levels left

rFire  . . .     SeeInvis .     a - +0 short sword
rCold  . . .     Gourm    .     r - +0 buckler
rNeg   . . .     Faith    .     (helmet restricted)
rPois  .         Spirit   .     (no amulet)
rElec  .         Dismiss  .     (no ring)
rCorr  .         Reflect  .     (no ring)
SustAt .         Harm     .     (no ring)
MR     .....                    (no ring)
Stlth  +++++.....               (no ring)
                                (no ring)
                                (no ring)
                                (no ring)

@: not resistant to hostile enchantments, quite stealthy
A: almost no armour, amphibious, 8 rings, constrict 8, camouflage 1, gelatinous
body 1
a: no special abilities


You were on level 4 of the Dungeon.
You were not hungry.

You visited 1 branch of the dungeon, and saw 4 of its levels.

You collected 115 gold pieces.

Inventory:

Hand Weapons
 a - a +0 short sword (weapon)
 t - a +0 hunting sling
Missiles
 h - 95 stones (quivered)
 j - 10 poisoned needles
 v - 2 tomahawks
Armour
 r - a +0 buckler (worn)
Wands
 b - a wand of flame (12/48)
 c - a wand of enslavement (15/24)
 d - a wand of random effects (11/48)
Scrolls
 g - 2 scrolls of identify {unknown}
 k - 2 scrolls of teleportation {unknown}
 m - a scroll of immolation {unknown}
 o - a scroll of fear {unknown}
 u - 4 scrolls of magic mapping {unknown}
Potions
 e - a potion of heal wounds
 i - a potion of invisibility {unknown}
 l - 2 potions of degeneration {unknown}
 n - a potion of might {unknown}
 q - a potion of mutation {unknown}
 s - a potion of brilliance {unknown}
Comestibles
 f - 3 bread rations
 p - a beef jerky
 w - a slice of pizza
 x - 2 chunks of flesh


   Skills:
 - Level 1.0 Fighting
 - Level 1.0 Short Blades
 * Level 1.5 Slings
 * Level 3.0 Dodging
 * Level 3.6 Stealth
 * Level 1.1 Shields
 + Level 3.8 Evocations


You had 3 spell levels left.
You didn't know any spells.

Dungeon Overview and Level Annotations

Branches:
Dungeon (4/15)
 Temple: D:4-7

Altars:
The Shining One

Annotations:
D:2 Robin
D:4 Oozefury's ghost, amateur FeMo


Innate Abilities, Weirdness & Mutations

You cannot wear most types of armour.
You are amphibious.
You can wear up to eight rings at the same time.
You can use your tentacles to constrict eight enemies at once.
Your skin changes colour to match your surroundings (Stealth).
Your rubbery body absorbs attacks (AC +1).


Message History

Oozefury's ghost hits you!!
Ouch! That really hurt!
There is a large open door, spattered with blood here.
A giant gecko comes into view.
Drink which item? (? for menu, Esc to quit)
You feel much better. Oozefury's ghost hits you!
Ouch! That really hurt!
The giant gecko hisses menacingly.
You block Oozefury's ghost's attack.
Evoke which item? (* to show all) (? for menu, Esc to quit)
Zapping:
b - a wand of flame (13/48)
Press: ? - help, Shift-Dir - straight line, f - Oozefury's ghost
Aim: Oozefury's ghost (water)
The puff of flame hits Oozefury's ghost.
Oozefury's ghost is lightly damaged.
This wand has 12 charges left.
Oozefury's ghost is engulfed in a cloud of scalding steam.
Oozefury's ghost hits you!
Ouch! That really hurt!
You die...

#####.......####
......).....##..
............##.# .#
............##.##.#
...........##.##.#
................>#
...#...#####.##.###
####''#####.#....##
#≈@W..≈≈≈##........
#≈≈≈≈..≈≈≈≈###....#.
#≈≈≈≈≈..≈≈≈≈≈###..##.
#≈≈≈≈≈≈..≈≈≈≈≈≈
##.##.
#≈≈≈≈≈≈≈l.≈≈≈≈≈≈
#.##.
#≈≈≈≈≈≈≈≈..≈≈≈≈≈≈
#....
#≈≈≈≈≈≈≈≈..≈≈≈≈≈≈
#..#.
#≈≈≈≈≈≈≈#..#≈≈≈≈
#..#. #..#.


You could see Oozefury's ghost and a giant gecko.

Vanquished Creatures
  Natasha (twice) (D:3)
  A worker ant (D:4)
  An ooze (D:1)
  A worm (D:2)
  4 orcs (D:3)
  3 goblins
  4 hobgoblins
  5 kobolds
  2 quokkas (D:4)
  3 bats
  A giant newt (D:1)
  A jackal skeleton (D:4)
  2 rats (D:3)
30 creatures vanquished.

Notes
Turn   | Place    | Note
--------------------------------------------------------------
     0 | D:1      | M4edhros the Octopode Artificer began the quest for the Orb.
     0 | D:1      | Reached XP level 1. HP: 13/13 MP: 3/3
   196 | D:1      | Reached XP level 2. HP: 8/18 MP: 4/4
   575 | D:1      | Found a glowing golden altar of the Shining One.
  1275 | D:2      | Noticed Robin
  1338 | D:3      | Reached XP level 3. HP: 23/23 MP: 5/5
  1357 | D:3      | Noticed Natasha
  1367 | D:3      | Killed Natasha
  1545 | D:3      | Noticed Natasha
  1560 | D:3      | Killed Natasha
  1560 | D:3      | Reached skill level 1 in Slings
  1560 | D:3      | Reached skill level 1 in Shields
  1560 | D:3      | Reached XP level 4. HP: 28/28 MP: 6/6
  2017 | D:4      | Noticed Oozefury's ghost (amateur FeMo)
  2022 | D:4      | Slain by Oozefury's ghost

Vault maps used:
D:1:      sevenhm_arrival_forest_fort_small_4, tso_metal_star
D:2:      elyvilon_altar_3, zin_angel, gammafunk_temple_overflow_elements,
          grunt_decor_cap, uniq_robin
D:3:      uniq_sigmund, uniq_natasha, uniq_iyjb
D:4:      kennysheep_big_flooded_room, amethyst_overflow_temple_binary,
          first_bread, minmay_misc_feat_five

Action                   |  1- 3 |  4- 6 || total
-------------------------+-------+-------++-------
Melee: Short sword       |    44 |    22 ||    66
Evoke: Wand              |       |     7 ||     7
  Use: Potion            |     1 |     1 ||     2
 Stab: Sleeping          |     3 |     4 ||     7
  Eat: Chunk             |     2 |     1 ||     3
